 Dungeon Crawl Stone Soup version 0.26-a0-658-gbdda728c12 (webtiles) character file.

Game seed: 14496473005146618567

373 jiml777 the Grasshopper (level 6, 0/51 HPs)
             Began as a Gnoll Warper on Oct 4, 2020.
             Slain by a wraith (6 damage)
             ... in an ossuary.
             The game lasted 00:18:02 (3935 turns).

jiml777 the Grasshopper (Gnoll Warper)              Turns: 3935, Time: 00:18:04

Health: 0/51       AC: 15    Str: 13    XL:     6   Next: 71%
Magic:  14/14      EV:  8    Int: 17    God:
Gold:   299        SH:  0    Dex: 15    Spells: 15/15 levels left

rFire    . . .     SeeInvis .   r - +2 hand axe (vamp)
rCold    . . .     Faith    .   (no shield)
rNeg     . . .     Spirit   .   n - +3 chain mail
rPois    .         Reflect  .   (no helmet)
rElec    .         Harm     .   (no cloak)
rCorr    .         Rampage  .   (no gloves)
MR       .....                  g - +2 pair of boots
Stlth    ..........             (no amulet)
HPRegen  0.17/turn              (no ring)
MPRegen  0.14/turn              (no ring)

@: mighty, slowed, very slow
A: distributed training, fangs 1, strong nose
a: no special abilities


You were in an ossuary.
You visited 1 branch of the dungeon, and saw 5 of its levels.
You also visited: Ossuary.

You collected 299 gold pieces.

Inventory:

Hand Weapons
 a - a +0 hand axe
 r - a +2 vampiric hand axe (weapon)
Missiles
 e - 4 boomerangs of dispersal (quivered)
 m - 43 bolts
 p - 43 arrows
 u - 40 sling bullets
Armour
 g - a +2 pair of boots (worn)
 l - the +1 chain mail of Theory {*Slow rF++ Str+3}
   (You found it on level 4 of the Dungeon)

   It affects your strength (+3).
   It greatly protects you from fire.
   It may slow you when you take damage.
 n - a +3 chain mail (worn)
Jewellery
 h - an uncursed ring of resist corrosion {unknown}
Wands
 v - a wand of enslavement (11)
 w - a wand of random effects (13)
Scrolls
 x - a scroll of enchant weapon {unknown}
Potions
 b - a potion of lignification {unknown}
 c - 3 potions of mutation
 f - a potion of curing
 j - a potion of brilliance
 k - 4 potions of might
 o - 3 potions of flight
 q - a potion of magic {unknown}
 s - a potion of resistance
 t - a potion of invisibility {unknown}


   Skills:
 + Level 5.0 Fighting
 + Level 2.1 Short Blades
 + Level 2.1 Long Blades
 + Level 5.0 Axes
 + Level 2.1 Maces & Flails
 + Level 2.1 Polearms
 + Level 2.1 Staves
 + Level 2.1 Slings
 + Level 2.1 Bows
 + Level 2.1 Crossbows
 + Level 3.3 Throwing
 + Level 3.3 Armour
 + Level 5.0 Dodging
 + Level 2.1 Stealth
 + Level 2.1 Shields
 + Level 2.1 Unarmed Combat
 + Level 5.4 Spellcasting
 + Level 1.6 Conjurations
 + Level 1.6 Hexes
 + Level 1.6 Summonings
 + Level 1.6 Necromancy
 + Level 5.7 Translocations
 + Level 1.6 Transmutations
 + Level 1.6 Fire Magic
 + Level 1.6 Ice Magic
 + Level 1.6 Air Magic
 + Level 1.6 Earth Magic
 + Level 1.6 Poison Magic
 + Level 2.3 Invocations
 + Level 2.1 Evocations


You had 15 spell levels left.
You didn't know any spells.
Your spell library contained the following spells:

 Spells                   Type           Power        Failure   Level
 Blink                    Tloc           N/A          50%         2
 Gell's Gravitas          Tloc           ###.......   73%         3
 Lesser Beckoning         Tloc           ###.......   73%         3
 Teleport Other           Tloc           ###.....     73%         3
 Passage of Golubria      Tloc           N/A          98%         4
 Confusing Touch          Hex            ##......     99%         3
 Petrify                  Tmut/Erth      ##......     100%        4
 Metabolic Englaciation   Hex/Ice        ##........   100%        5
 Yara's Violent Unravell  Hex/Tmut       ##........   100%        5


Dungeon Overview and Level Annotations

Branches:
Dungeon (5/15)            Ossuary (1/1)
 Temple: D:4-7

Altars:
Yredelemnul


Innate Abilities, Weirdness & Mutations

Your experience applies equally to all skills.
You have very sharp teeth.
Your uncanny sense of smell can sniff out nearby items.


Message History

Evoke which item? (* to show all) (? for menu, Esc to quit)
Aiming: Enslavement
Press: ? - help, Shift-Dir - straight line, f/p - wraith
Aim: a wraith (severely damaged, chance to defeat MR: 19%)
The wraith resists with almost no effort.
The wraith hits you.
* * * LOW HITPOINT WARNING * * *
Press: ? - help, Dir - move target cursor, p - wraith
As you read the scroll of blinking, it crumbles to dust.
Unknown command.
There is an open gate here.
There is an open door here.
Okay, then.
You feel very mighty all of a sudden. The wraith hits you.
* * * LOW HITPOINT WARNING * * *
The wraith drains your vigour!
You feel as though you will be slow longer.
The wraith hits you.
You die...

...#####'#####...
.................
.................
######'''#######
####...####
#..'...'..#
#..#...#..#
####..W#### #..@#
#...# #...# #...#
#...# ##'''##
##.....##
###.......####
#W▓...∩.∩...▓W#


You could see a wraith.

Vanquished Creatures
  A phantom (D:3)
  A scorpion (D:4)
  An orc priest (D:5)
  An iguana (D:4)
  A worker ant (D:4)
  Terence (D:3)
  A mummy (Ossuary)
  3 adders
  An ooze (D:4)
  5 worms
  2 dart slugs
  2 leopard geckos
  3 orcs
  6 bats
  3 giant cockroaches
  4 goblins
  7 hobgoblins
  4 quokkas
  2 frilled lizards
  2 gnoll skeletons (Ossuary)
  7 kobolds
  3 kobold skeletons (Ossuary)
  4 orc skeletons (Ossuary)
  8 rats
73 creatures vanquished.

Vanquished Creatures (others)
  A plant (D:1)
1 creature vanquished.

Grand Total: 74 creatures vanquished

Notes
Turn   | Place    | Note
-------+----------+-------------------------------------------
     0 | D:1      | jiml777 the Gnoll Warper began the quest for the Orb.
     0 | D:1      | Reached XP level 1. HP: 20/20 MP: 6/6
    89 | D:1      | Reached XP level 2. HP: 22/26 MP: 7/7
   664 | D:2      | Reached skill level 5 in Spellcasting
   664 | D:2      | Reached XP level 3. HP: 27/31 MP: 7/9
  1054 | D:2      | Reached skill level 1 in Invocations
  1484 | D:2      | Reached skill level 1 in Short Blades
  1484 | D:2      | Reached skill level 1 in Long Blades
  1484 | D:2      | Reached skill level 1 in Maces & Flails
  1484 | D:2      | Reached skill level 1 in Polearms
  1484 | D:2      | Reached skill level 1 in Staves
  1484 | D:2      | Reached skill level 1 in Slings
  1484 | D:2      | Reached skill level 1 in Bows
  1484 | D:2      | Reached skill level 1 in Crossbows
  1484 | D:2      | Reached skill level 1 in Stealth
  1484 | D:2      | Reached skill level 1 in Shields
  1484 | D:2      | Reached skill level 1 in Unarmed Combat
  1484 | D:2      | Reached skill level 1 in Evocations
  1731 | D:3      | Reached XP level 4. HP: 38/38 MP: 11/11
  1846 | D:3      | Noticed a phantom
  1895 | D:3      | Killed a phantom
  1895 | D:3      | Reached skill level 1 in Conjurations
  1895 | D:3      | Reached skill level 1 in Hexes
  1895 | D:3      | Reached skill level 1 in Summonings
  1895 | D:3      | Reached skill level 1 in Necromancy
  1895 | D:3      | Reached skill level 1 in Transmutations
  1895 | D:3      | Reached skill level 1 in Fire Magic
  1895 | D:3      | Reached skill level 1 in Ice Magic
  1895 | D:3      | Reached skill level 1 in Air Magic
  1895 | D:3      | Reached skill level 1 in Earth Magic
  1895 | D:3      | Reached skill level 1 in Poison Magic
  1895 | D:3      | Reached XP level 5. HP: 24/43 MP: 12/12
  2484 | D:3      | Noticed Terence
  2497 | D:3      | Killed Terence
  2978 | D:4      | Got a smoking chain mail
  2988 | D:4      | Identified the cursed +1 chain mail of Theory {*Slow rF++
                  | Str+3} (You found it on level 4 of the Dungeon)
  3042 | D:4      | Reached XP level 6. HP: 50/50 MP: 13/13
  3129 | D:4      | Found a basalt altar of Yredelemnul.
  3328 | D:4      | Reached skill level 5 in Fighting
  3328 | D:4      | Reached skill level 5 in Axes
  3328 | D:4      | Reached skill level 5 in Dodging
  3623 | D:5      | Entered Level 5 of the Dungeon
  3623 | D:5      | Found a sand-covered staircase.
  3665 | Ossuary  | Entered an ossuary
  3665 | Ossuary  | Noticed a wraith
  3665 | Ossuary  | Noticed a wraith
  3665 | Ossuary  | Noticed a wraith
  3887 | Ossuary  | Noticed a wraith
  3935 | Ossuary  | Slain by a wraith

Illustrated notes

Levels and vault maps discovered:
D:1:      giann_bridges, layout_rooms
D:2:      layout_basic
D:3:      layout_loops_ring, minmay_fractal_squares_diagonal_5, uniq_terence
D:4:      layout_rooms, kennysheep_mini, kennysheep_generic_room_14
D:5:      layout_gridville, minmay_temple_entry_junction, enter_ossuary_1,
          uniq_pikel
Ossuary:  ossuary_due_mausoleum

Skill      XL: |  1  2  3  4  5  6 |
---------------+-------------------+-----
Spellcasting   | 5 |  5.4
Invocations    | 1 2 |  2.3
Short Blades   | 1 2 |  2.1
Long Blades    | 1 2 |  2.1
Maces & Flails | 1 2 |  2.1
Polearms       | 1 2 |  2.1
Staves         | 1 2 |  2.1
Slings         | 1 2 |  2.1
Bows           | 1 2 |  2.1
Crossbows      | 1 2 |  2.1
Stealth        | 1 2 |  2.1
Shields        | 1 2 |  2.1
Unarmed Combat | 1 2 |  2.1
Evocations     | 1 2 |  2.1
Conjurations   | 1 |  1.6
Hexes          | 1 |  1.6
Summonings     | 1 |  1.6
Necromancy     | 1 |  1.6
Transmutations | 1 |  1.6
Fire Magic     | 1 |  1.6
Ice Magic      | 1 |  1.6
Air Magic      | 1 |  1.6
Earth Magic    | 1 |  1.6
Poison Magic   | 1 |  1.6
Throwing       | 3 |  3.3
Armour         | 3 |  3.3
Fighting       | 5 |  5.0
Axes           | 5 |  5.0
Dodging        | 5 |  5.0
Translocations | |  5.7

Action                   |  1- 3 |  4- 6 || total
-------------------------+-------+-------++-------
Melee: Hand axe          |   111 |   213 ||   324
       Bite              |    13 |    27 ||    40
       Punch             |       |     1 ||     1
Throw: Boomerang         |       |     1 ||     1
Evoke: Wand              |       |     1 ||     1
  Use: Scroll            |     9 |    10 ||    19
       Potion            |       |     5 ||     5
Armor: Leather armour    |     2 |       ||     2
       Chain mail        |    49 |   132 ||   181
Dodge: Dodged            |    57 |    80 ||   137

Table legend: (Time is in decaauts)
 A = Elapsed time spent in this place.
 B = Non-inter-level travel time spent in this place.
 C = Inter-level travel time spent in this place.
 D = Time resting spent in this place.
 E = Time spent auto-exploring this place.
 F = Levels seen in this place.
 G = Mean time per level.
                   A        B        C        D        E       F      G
               +--------+--------+--------+--------+--------+-----+--------+
         Total |   3978 |   3909 |     69 |   1167 |   1323 |   6 |  663.0 |
       Dungeon |   3683 |   3614 |     69 |   1013 |   1323 |   5 |  736.6 |
       Ossuary |    294 |    294 |      0 |    154 |      0 |   1 |  294.0 |
               +--------+--------+--------+--------+--------+-----+--------+

Top non-repeatable levels by time:
     D:2: 1122 daAuts
     D:3: 1046 daAuts
     D:4: 887 daAuts
     D:1: 584 daAuts
 Ossuary: 294 daAuts
     D:5: 42 daAuts
